 Dungeon Crawl Stone Soup version 0.28-a0-863-g8cecda6153 (webtiles) character file.

Game seed: 15212558158840156772

226 Zonian the Poker (level 5, 0/42 HPs)
             Began as a Demonspawn Gladiator on Nov 18, 2021.
             Slain by an adder (3 damage)
             ... on level 4 of the Dungeon.
             The game lasted 00:05:58 (3585 turns).

Zonian the Poker (Demonspawn Gladiator)             Turns: 3585, Time: 00:06:02

Health: 0/42       AC:  7    Str: 13 (14) XL:     5   Next: 69%
Magic:  5/5        EV:  9    Int: 14 (16) God:
Gold:   109        SH:  0    Dex: 13 (15) Spells: 4/4 levels left

rFire   . . .      SeeInvis .   a - +1 trident
rCold   . . .      Faith    .   (no shield)
rNeg    . . .      Spirit   .   b - +0 leather armour
rPois   .          Reflect  .   c - +0 helmet
rElec   .          Harm     .   f - +0 cloak
rCorr   +          Rampage  .   g - +0 pair of gloves
Will    .....                   (no boots)
Stlth   ++........              (no amulet)
HPRegen 0.14/turn               e - ring of resist corrosion
MPRegen 0.09/turn               q - +6 ring of intelligence

@: constricted
A: rugged brown scales 1, spiny 2
a: no special abilities


You were on level 4 of the Dungeon.
You visited 1 branch of the dungeon, and saw 4 of its levels.

You collected 109 gold pieces.

Inventory:

Hand Weapons
 a - a +1 trident (weapon)
 i - a +0 hunting sling
 n - a +4 dagger
Missiles
 l - 8 poisoned darts (quivered)
Armour
 b - a +0 leather armour (worn)
 c - a +0 helmet (worn)
 f - a +0 cloak (worn)
 g - a +0 pair of gloves (worn)
Jewellery
 e - a ring of resist corrosion (left hand)
 q - a +6 ring of intelligence (right hand)
Wands
 k - a wand of paralysis (7)
Scrolls
 m - a scroll of fog
Potions
 p - a potion of heal wounds {unknown}


   Skills:
 + Level 3.0 Fighting
 + Level 3.9 Polearms
 + Level 2.0 Throwing
 + Level 1.7 Armour
 + Level 3.5 Dodging
 + Level 1.7 Stealth


You had 4 spell levels left.
You didn't know any spells.
Your spell library contained the following spells:

 Spells                   Type           Power      Damage    Failure   Level
 Magic Dart               Conj           0%         1d3       36%         1
 Call Imp                 Summ           0%         N/A       50%         2
 Mephitic Cloud           Conj/Pois/Air  0%         N/A       73%         3


Dungeon Overview and Level Annotations

Branches:
Dungeon (4/15)
 Temple: D:4-7

Altars:
Wu Jian
Xom

Shops:
D:1 [   D:2 [

Annotations:
D:4 Pikel


Innate Abilities, Weirdness & Mutations

You are partially covered in rugged brown scales. (AC +1, +3% HP)
You are mostly covered in sharp spines.


Message History

The ball python bites you but does no damage.
The ball python constricts you. The lemure hits you.
* * * LOW HITPOINT WARNING * * *
Pikel hits you but does no damage.
You puncture Pikel!
Pikel is severely wounded.
The adder bites you but does no damage.
The ball python bites you but does no damage.
The ball python constricts you. The adder bites you but does no damage.
The lemure hits you.
* * * LOW HITPOINT WARNING * * *
Pikel hits you but does no damage.
You hit Pikel.
Pikel is severely wounded.
The ball python bites you.
* * * LOW HITPOINT WARNING * * *
The ball python constricts you. The adder bites you but does no damage.
The lemure hits you but does no damage.
The ball python bites you but does no damage.
The ball python constricts you. Pikel hits you but does no damage.
It was a potion of cancellation.
Your magical effects are unravelling.
You feel magically purged.
You feel less wooden.
Your +0 cloak unmelds from your body.
Your +0 helmet unmelds from your body.
Your +0 pair of gloves unmelds from your body.
Your +0 leather armour unmelds from your body.
The adder bites you.
* * * LOW HITPOINT WARNING * * *
The ball python barely misses you. The ball python constricts you.
The lemure is struck by your spines. The lemure barely misses you.
Pikel barely misses you. The adder closely misses you.
It was a potion of degeneration.
There was something very wrong with that liquid.
You feel weakened.
You feel dopey.
You feel clumsy.
The ball python is struck by your spines.
The ball python closely misses you. The ball python constricts you.
The lemure is struck by your spines. The lemure barely misses you.
The adder is struck by your spines. The adder bites you.
You die...

#...####.# ##.##
#.# #.# #.# .# #S#
..# . . #.# ###
#.#. ###########.#
..... ..##.<.SS..#
#
.....##5##S#######
# ?|..55K@##.# #
#....#SS##.# #
(......5)..#
#..###..#### S
#..# #..# ....
##..# #..#


You could see Pikel, 4 lemures, an adder and a ball python.

Vanquished Creatures
  An orc wizard (D:3)
  8 adders
  A worm (D:2)
  4 dart slugs
  7 orcs
  6 ball pythons
  9 bats
  5 endoplasms
  2 giant cockroaches
  10 goblins
  7 hobgoblins
  7 jackals
  2 quokkas
  A frilled lizard (D:3)
  4 kobolds
  A quokka skeleton (D:4)
  6 rats
81 creatures vanquished.

Vanquished Creatures (collateral kills)
  Ijyb (D:4)
1 creature vanquished.

Vanquished Creatures (others)
  4 plants (D:2)
4 creatures vanquished.

Grand Total: 86 creatures vanquished

Notes
Turn   | Place    | Note
-------+----------+-------------------------------------------
     0 | D:1      | Zonian the Demonspawn Gladiator began the quest for the
                  | Orb.
     0 | D:1      | Reached XP level 1. HP: 16/16 MP: 1/1
   195 | D:1      | Found Moutul's Antique Armour Shoppe.
   263 | D:1      | Gained mutation: You are partially covered in rugged brown
                  | scales. (AC +1, +3% HP) [demonic ancestry]
   263 | D:1      | Reached XP level 2. HP: 16/22 MP: 2/2
   299 | D:1      | HP: 1/22 [hobgoblin (3)]
   812 | D:1      | Reached XP level 3. HP: 27/27 MP: 3/3
  1700 | D:2      | Gained mutation: You are partially covered in sharp spines.
                  | [demonic ancestry]
  1700 | D:2      | Reached XP level 4. HP: 33/35 MP: 4/4
  1771 | D:2      | Found Paddo's Antique Armour Emporium.
  1798 | D:2      | Reached skill level 1 in Armour
  2108 | D:2      | Found an ornate altar of the Wu Jian Council.
  2639 | D:3      | Reached skill level 1 in Stealth
  2794 | D:3      | Found a shimmering altar of Xom.
  2866 | D:3      | Gained mutation: You are mostly covered in sharp spines.
                  | [demonic ancestry]
  2866 | D:3      | Reached XP level 5. HP: 40/40 MP: 5/5
  3469 | D:4      | Noticed an ogre
  3550 | D:4      | Noticed Ijyb
  3558 | D:4      | Killed Ijyb
  3562 | D:4      | Noticed a lemure
  3562 | D:4      | Noticed Pikel
  3563 | D:4      | Noticed a lemure
  3565 | D:4      | Noticed a lemure
  3571 | D:4      | Noticed a lemure
  3584 | D:4      | HP: 2/42 [adder (3)]
  3585 | D:4      | Slain by an adder

Illustrated notes

Levels and vault maps discovered:
D:1:      nagdon_arrival_double_spiral, layout_rooms, serial_shops, shop,
          minmay_pentomino_v2
D:2:      layout_basic, serial_shops, nicolae_shop_overgrown_old_shop,
          basic_altar, grunt_ministairs_6
D:3:      layout_loops_ring, xom_teletrap_fun
D:4:      minmay_spotlight, layout_loops_ring, uniq_pikel, uniq_ijyb

Skill      XL: |  1  2  3  4  5 |
---------------+----------------+-----
Dodging        | 3 |  3.5
Throwing       | 2 |  2.0
Polearms       | 3 |  3.9
Armour         | 1 |  1.7
Stealth        | 1 |  1.7
Fighting       | 3 |  3.0

Action                   |  1- 3 |  4- 6 || total
-------------------------+-------+-------++-------
Melee: Trident           |   136 |   111 ||   247
Throw: Throwing net      |     3 |     1 ||     4
       Dart              |       |     1 ||     1
  Use: Scroll            |     1 |     4 ||     5
       Potion            |       |     3 ||     3
 Stab: Sleeping          |     2 |     4 ||     6
       Held in net/web   |     1 |       ||     1
Armor: Leather armour    |    44 |    25 ||    69
       Skin              |       |    46 ||    46
Dodge: Dodged            |    87 |    45 ||   132

Table legend: (Time is in decaauts)
 A = Elapsed time spent in this place.
 B = Non-inter-level travel time spent in this place.
 C = Inter-level travel time spent in this place.
 D = Time resting spent in this place.
 E = Time spent auto-exploring this place.
 F = Levels seen in this place.
 G = Mean time per level.
                   A        B        C        D        E       F      G
               +--------+--------+--------+--------+--------+-----+--------+
         Total |   3617 |   3522 |     95 |    460 |   2364 |   4 |  904.2 |
       Dungeon |   3617 |   3522 |     95 |    460 |   2364 |   4 |  904.2 |
               +--------+--------+--------+--------+--------+-----+--------+

Top non-repeatable levels by time:
     D:2: 1473 daAuts
     D:1: 1145 daAuts
     D:3: 770 daAuts
     D:4: 228 daAuts
